 Dungeon Crawl Stone Soup version 0.27-a0-1202-ge72e49191c (webtiles) character file.

Game seed: 3196259570951956549

346 robertstho the Protected (level 6, 0/47 HPs)
             Began as a Gnoll Wanderer on June 4, 2021.
             Killed from afar by Dowan (19 damage)
             ... with a shard of ice
             ... on level 4 of the Dungeon.
             The game lasted 00:04:17 (2807 turns).

robertstho the Protected (Gnoll Wanderer)           Turns: 2807, Time: 00:04:18

Health: 0/47       AC: 22    Str: 16    XL:     6   Next: 59%
Magic:  9/9        EV:  3    Int: 11    God:
Gold:   181        SH:  0    Dex:  9    Spells: 9/9 levels left

rFire    . . .     SeeInvis .   k - +1 trident (vamp)
rCold    . . .     Faith    .   (no shield)
rNeg     . . .     Spirit   .   h - +1 crystal plate armour
rPois    .         Reflect  .   (no helmet)
rElec    .         Harm     .   (no cloak)
rCorr    +         Rampage  .   (no gloves)
Will     +....                  (no boots)
Stlth    ..........             (no amulet)
HPRegen  0.15/turn              m - ring of resist corrosion
MPRegen  0.11/turn              n - ring of willpower

@: lethally poisoned (0 -> -13)
A: fangs 1, strong nose, distributed training
a: no special abilities


You were on level 4 of the Dungeon.
You visited 1 branch of the dungeon, and saw 4 of its levels.

You collected 181 gold pieces.

Inventory:

Hand Weapons
 a - a +1 hand crossbow
 j - a +0 long sword
 k - a +1 vampiric trident (weapon)
Missiles
 c - 9 bolts
Armour
 h - a +1 crystal plate armour (worn)
Jewellery
 m - a ring of resist corrosion (left hand)
 n - a ring of willpower (right hand)
Wands
 g - a wand of acid (2)
Scrolls
 b - a scroll of teleportation
 e - a scroll of enchant weapon
 l - a scroll of immolation
Potions
 i - a potion of degeneration {unknown}


   Skills:
 + Level 3.3 Fighting
 + Level 2.0 Short Blades
 + Level 2.0 Long Blades
 + Level 3.3 Axes
 + Level 2.0 Maces & Flails
 + Level 2.0 Polearms
 + Level 2.0 Staves
 + Level 2.0 Slings
 + Level 2.0 Bows
 + Level 2.0 Crossbows
 + Level 2.0 Throwing
 + Level 12.1 Armour
 + Level 2.0 Dodging
 + Level 3.1 Stealth
 + Level 2.0 Shields
 + Level 2.0 Unarmed Combat
 + Level 2.0 Spellcasting
 + Level 1.6 Conjurations
 + Level 1.6 Hexes
 + Level 1.6 Summonings
 + Level 1.6 Necromancy
 + Level 1.6 Translocations
 + Level 1.6 Transmutations
 + Level 1.6 Fire Magic
 + Level 1.6 Ice Magic
 + Level 1.6 Air Magic
 + Level 1.6 Earth Magic
 + Level 1.6 Poison Magic
 + Level 2.2 Invocations
 + Level 3.3 Evocations


You had 9 spell levels left.
You didn't know any spells.
Your spell library was empty.

Dungeon Overview and Level Annotations

Branches:
Dungeon (4/15)
 Temple: D:4-7

Altars:
Xom

Shops:
D:2 [

Annotations:
D:2 Armour shop
D:4 Dowan


Innate Abilities, Weirdness & Mutations

You have very sharp teeth.
Your uncanny sense of smell can sniff out nearby items.
Your experience applies equally to all skills.


Message History

Dowan hits you with a +0 dagger of venom.
You are poisoned.
You puncture Dowan!
Dowan is heavily wounded.
You feel sick. Dowan hits you but does no damage.
You are more poisoned.
The goblin barely misses you. Dowan hits you but does no damage.
You are more poisoned.
You hit Dowan.
You feel better.
Dowan is heavily wounded.
You feel very sick. Dowan hits you but does no damage.
You are more poisoned.
The goblin hits you but does no damage. Dowan hits you but does no damage.
You are more poisoned.
You feel much better.
You feel extremely sick. The goblin hits you but does no damage.
Dowan barely misses you.
You barely miss Dowan.
Dowan is heavily wounded.
You feel very sick. Dowan hits you but does no damage.
The goblin hits you with a +0 club. Dowan hits you but does no damage.
The goblin hits you but does no damage.
Your crystal plate armour prevents you from hitting Dowan.
Dowan is heavily wounded.
You feel very sick. Dowan hits you but does no damage.
You are more poisoned.
The goblin hits you with a +0 club. Dowan hits you but does no damage.
You barely miss Dowan.
Dowan is heavily wounded.
You feel very sick.
Dowan casts a spell.
Dowan blinks!
The goblin barely misses you.
You puncture the goblin!
You feel better.
You kill the goblin!
You feel very sick.
Dowan points at you and mumbles some strange words.
The shard of ice hits you!!
You die...

.. #....#........# ...
+....#........# ....
#....##'####'##
....####..............
.......................
......))..............
.......)..............
.......))....e........
#+######...)@)........
#....######.... #....#
... ∆ #....# #....#
....# #....# #....#
#....# #....+ +....#
#....# #....#
#....###+##


You could see Dowan (fast).

Vanquished Creatures
  Duvessa (D:4)
  A scorpion (D:4)
  An orc priest (D:4)
  A jelly (D:3)
  An orc wizard (D:4)
  3 adders
  An adder skeleton (D:4)
  12 orcs
  6 endoplasms
  A giant cockroach (D:4)
  9 goblins
  6 hobgoblins
  4 jackals (D:2)
  5 kobolds
  4 quokkas
  4 ball pythons
  4 bats
  A frilled lizard (D:1)
  4 rats
69 creatures vanquished.

Notes
Turn   | Place    | Note
-------+----------+-------------------------------------------
     0 | D:1      | Reached skill level 12 in Armour
     0 | D:1      | robertstho the Gnoll Wanderer began the quest for the Orb.
     0 | D:1      | robertstho set off with the following items: a +0 hand
                  | crossbow, a +2 scale mail, 26 bolts, a potion of curing
     0 | D:1      | Reached XP level 1. HP: 17/17 MP: 1/1
   223 | D:1      | Reached XP level 2. HP: 23/23 MP: 2/2
   303 | D:1      | Found a faded altar of an unknown god.
   872 | D:2      | Reached XP level 3. HP: 28/28 MP: 3/3
  1126 | D:2      | Reached skill level 1 in Invocations
  1139 | D:2      | Found Faluvopt's Armour Shoppe.
  1214 | D:2      | Reached skill level 1 in Short Blades
  1214 | D:2      | Reached skill level 1 in Long Blades
  1214 | D:2      | Reached skill level 1 in Maces & Flails
  1214 | D:2      | Reached skill level 1 in Polearms
  1214 | D:2      | Reached skill level 1 in Staves
  1214 | D:2      | Reached skill level 1 in Slings
  1214 | D:2      | Reached skill level 1 in Bows
  1214 | D:2      | Reached skill level 1 in Crossbows
  1214 | D:2      | Reached skill level 1 in Throwing
  1214 | D:2      | Reached skill level 1 in Dodging
  1214 | D:2      | Reached skill level 1 in Shields
  1214 | D:2      | Reached skill level 1 in Unarmed Combat
  1214 | D:2      | Reached skill level 1 in Spellcasting
  1250 | D:2      | Found a shimmering altar of Xom.
  1279 | D:2      | Reached XP level 4. HP: 34/34 MP: 5/5
  1642 | D:3      | Reached skill level 1 in Conjurations
  1642 | D:3      | Reached skill level 1 in Hexes
  1642 | D:3      | Reached skill level 1 in Summonings
  1642 | D:3      | Reached skill level 1 in Necromancy
  1642 | D:3      | Reached skill level 1 in Translocations
  1642 | D:3      | Reached skill level 1 in Transmutations
  1642 | D:3      | Reached skill level 1 in Fire Magic
  1642 | D:3      | Reached skill level 1 in Ice Magic
  1642 | D:3      | Reached skill level 1 in Air Magic
  1642 | D:3      | Reached skill level 1 in Earth Magic
  1642 | D:3      | Reached skill level 1 in Poison Magic
  1980 | D:3      | Reached XP level 5. HP: 35/40 MP: 6/6
  2633 | D:4      | Noticed Duvessa
  2633 | D:4      | Noticed Dowan
  2789 | D:4      | Reached XP level 6. HP: 35/47 MP: 8/8
  2795 | D:4      | Killed Duvessa
  2807 | D:4      | Killed from afar by Dowan

Illustrated notes

Levels and vault maps discovered:
D:1:      tarquinn_simple_flora_water_a, layout_basic, basic_ecumenical_altar,
          serial_bayou_pond_d
D:2:      layout_basic, basic_altar, serial_shops, shop
D:3:      layout_basic, guppyfry_early_orc_mine
D:4:      layout_gridville, gammafunk_temple_overflow_elements, serial_shops,
          nicolae_shop_waterfront, uniq_duvessa

Skill      XL: |  1  2  3  4  5  6 |
---------------+-------------------+-----
Armour         | | 12.1
Invocations    | 1 2 |  2.2
Short Blades   | 1 2 |  2.0
Long Blades    | 1 2 |  2.0
Maces & Flails | 1 2 |  2.0
Polearms       | 1 2 |  2.0
Staves         | 1 2 |  2.0
Slings         | 1 2 |  2.0
Bows           | 1 2 |  2.0
Crossbows      | 1 2 |  2.0
Throwing       | 1 2 |  2.0
Dodging        | 1 2 |  2.0
Shields        | 1 2 |  2.0
Unarmed Combat | 1 2 |  2.0
Spellcasting   | 1 2 |  2.0
Conjurations   | 1 |  1.6
Hexes          | 1 |  1.6
Summonings     | 1 |  1.6
Necromancy     | 1 |  1.6
Translocations | 1 |  1.6
Transmutations | 1 |  1.6
Fire Magic     | 1 |  1.6
Ice Magic      | 1 |  1.6
Air Magic      | 1 |  1.6
Earth Magic    | 1 |  1.6
Poison Magic   | 1 |  1.6
Fighting       | 3 |  3.3
Axes           | 3 |  3.3
Evocations     | 3 |  3.3
Stealth        | 3 |  3.1

Action                   |  1- 3 |  4- 6 || total
-------------------------+-------+-------++-------
Melee: Long sword        |       |    19 ||    19
       Bite              |       |    12 ||    12
       Trident           |       |    94 ||    94
 Fire: Hand crossbow     |    81 |    49 ||   130
Evoke: Wand              |       |     2 ||     2
  Use: Scroll            |       |     4 ||     4
       Potion            |       |     4 ||     4
Armor: Scale mail        |     4 |       ||     4
       Crystal plate arm |    37 |   203 ||   240
Dodge: Dodged            |     9 |    22 ||    31
       Rpst.: Long sword |       |     1 ||     1

Table legend: (Time is in decaauts)
 A = Elapsed time spent in this place.
 B = Non-inter-level travel time spent in this place.
 C = Inter-level travel time spent in this place.
 D = Time resting spent in this place.
 E = Time spent auto-exploring this place.
 F = Levels seen in this place.
 G = Mean time per level.
                   A        B        C        D        E       F      G
               +--------+--------+--------+--------+--------+-----+--------+
         Total |   2894 |   2679 |    215 |      0 |   2149 |   4 |  723.5 |
       Dungeon |   2894 |   2679 |    215 |      0 |   2149 |   4 |  723.5 |
               +--------+--------+--------+--------+--------+-----+--------+

Top non-repeatable levels by time:
     D:3: 1133 daAuts
     D:1: 825 daAuts
     D:2: 640 daAuts
     D:4: 294 daAuts
